 Dungeon Crawl Stone Soup version 0.20.1-1-g8b1a95d (webtiles) character file.

1055 Ladykiller69 the Carver (level 8, -1/73 HPs)
             Began as a Minotaur Berserker on July 4, 2017.
             Was an Elder of Trog.
             Slain by Blork the orc
             ... wielding a +0 glaive
              (11 damage)
             ... on level 5 of the Dungeon.
             The game lasted 00:06:59 (3530 turns).

Ladykiller69 the Carver (Minotaur Berserker)        Turns: 3530, Time: 00:06:59

Health: -1/73      AC:  2    Str: 24    XL:     8   Next: 5%
Magic:  7/7        EV: 13    Int:  4    God:    Trog [****..]
Gold:   291        SH:  0    Dex: 12    Spells: 7/7 levels left

rFire    . . .     SeeInvis .   a - +0 falchion
rCold    . . .     Gourm    .   (no shield)
rNeg     . . .     Faith    .   b - +0 animal skin
rPois    .         Spirit   .   (helmet restricted)
rElec    .         Reflect  .   (no cloak)
rCorr    .         Harm     .   (no gloves)
MR       .....                  (no boots)
Stlth    ++........             g - amulet of magic regeneration
Regen    0.3/turn               w - ring of stealth
MPRegen  0.2/turn               A - +2 ring of strength

@: berserk cooldown, slowed, very slow
A: retaliatory headbutt, horns 2
a: Berserk, Trog's Hand, Brothers in Arms, Burn Spellbooks, Renounce Religion


You were on level 5 of the Dungeon.
You worshipped Trog.
Trog was greatly pleased with you.
You were very hungry.

You visited 1 branch of the dungeon, and saw 5 of its levels.

You collected 291 gold pieces.

Inventory:

Hand Weapons
 a - a +0 falchion (weapon)
Missiles
 t - 82 arrows
Armour
 b - a +0 animal skin (worn)
 v - a +0 cloak
Jewellery
 g - an amulet of magic regeneration (around neck)
 w - a ring of stealth (left hand)
 A - a +2 ring of strength (right hand)
Scrolls
 d - 3 scrolls of fog {unknown}
 h - 3 scrolls of remove curse {unknown}
 j - 5 scrolls of identify {unknown}
 n - 2 scrolls of enchant armour {unknown}
 r - a scroll of enchant weapon {unknown}
 u - a scroll of noise {unknown}
 x - a scroll of blinking {unknown}
 y - 2 scrolls of teleportation {unknown}
Potions
 e - 3 potions of heal wounds {unknown}
 f - a potion of degeneration {unknown}
 i - 2 potions of lignification {unknown}
 k - a potion of agility {unknown}
 l - a potion of haste {unknown}
 o - a potion of brilliance {unknown}
 p - a potion of mutation {unknown}
 q - a potion of curing {unknown}
 s - a potion of resistance {unknown}
Comestibles
 c - 2 bread rations
 m - 3 meat rations
 z - 2 chunks of flesh


   Skills:
 + Level 7.2 Fighting
 * Level 9.6 Long Blades
 - Level 3.0 Armour
 - Level 3.0 Dodging


You had 7 spell levels left.
You didn't know any spells.

Dungeon Overview and Level Annotations

Branches:
Dungeon (5/15)
 Temple: D:4-7

Altars:
Ashenzari
Cheibriados
Xom

Shops:
D:5 [

Annotations:
D:5 Blork the orc


Innate Abilities, Weirdness & Mutations

You reflexively headbutt those who attack you in melee.
You have a pair of horns on your head.


Message History

You headbutt the giant cockroach zombie.
Blork the orc hits you from afar with a glaive.
The giant cockroach zombie bites you but does no damage.
Blork the orc mumbles some strange words.
Blork the orc seems to speed up.
Blork the orc screams, "I'll break your legs!"
Blork the orc gestures wildly while chanting.
Blork the orc flickers and vanishes!
Deactivating autopickup; reactivate with Ctrl-A.
The giant cockroach zombie bites you.
The phantom blinks!
Something hits you! The giant cockroach zombie bites you. Something hits you!
* * * LOW HITPOINT WARNING * * *
An orc and an orc priest come into view.
Something hits you!
* * * LOW HITPOINT WARNING * * *
An orc comes into view.
The orc priest shouts!
Something hits you!
You die...

###..#######.#.# #o#
##...# ###..# #.#.# #o#
#....# .....#
#.#.###.#####..#.#
####.#
#.#.##........##... ..#
#...#...###..## ##.# ###
##..#..o....## ...
########## #..#.#..####
...
.........###..Z.##.<###
..
..#######.......@.......
# ##...#..#..#####.##
#.####..#...#.....# ..#
......#..###.###.# #.#
####...♣.#........# #
................. #
.##.##♣∩♣#.......
....##...#.......#
...##..♣...######


You could see an orc (wandering) and a giant cockroach zombie.

Vanquished Creatures
  A centaur (D:5)
  A scorpion (D:5)
  4 wights (D:5)
  2 howler monkeys
  A centaur skeleton (D:4)
  2 orc priests (D:3)
  A gnoll shaman (D:4)
  An iguana (D:4)
  5 worker ants
  An orc wizard (D:3)
  A worker ant zombie (D:5)
  19 gnolls
  9 adders
  A shadow imp (D:5)
  3 oozes
  2 adder skeletons
  A worm (D:4)
  2 dart slugs
  3 leopard geckos
  5 orcs
  3 giant cockroaches
  12 goblins
  8 hobgoblins
  7 jackals
  3 quokkas
  A ball python (D:1)
  9 bats
  6 frilled lizards
  2 kobolds
  10 rats
126 creatures vanquished.

Notes
Turn   | Place    | Note
-------+----------+-------------------------------------------
     0 | D:1      | Ladykiller69 the Minotaur Berserker began the quest for the Orb.
     0 | D:1      | Reached XP level 1. HP: 19/19 MP: 0/0
   115 | D:1      | Reached XP level 2. HP: 11/27 MP: 1/1
   150 | D:1      | Reached skill level 4 in Long Blades
   685 | D:2      | Reached XP level 3. HP: 33/33 MP: 2/2
   774 | D:2      | Reached XP level 4. HP: 19/40 MP: 3/3
   850 | D:2      | Reached ** piety under Trog
   925 | D:2      | Reached skill level 5 in Long Blades
  1526 | D:2      | Reached XP level 5. HP: 47/47 MP: 4/4
  1810 | D:3      | Reached skill level 5 in Fighting
  1810 | D:3      | Reached skill level 6 in Long Blades
  1816 | D:3      | Reached XP level 6. HP: 37/56 MP: 5/5
  1886 | D:3      | Reached *** piety under Trog
  2164 | D:4      | Reached skill level 7 in Long Blades
  2910 | D:4      | Reached XP level 7. HP: 57/63 MP: 6/6
  2992 | D:4      | Reached skill level 8 in Long Blades
  2997 | D:4      | Found a snail-covered altar of Cheibriados.
  3094 | D:5      | Entered Level 5 of the Dungeon
  3147 | D:5      | Found a shattered altar of Ashenzari.
  3170 | D:5      | Found Gont's Armour Shoppe.
  3222 | D:5      | Reached **** piety under Trog
  3264 | D:5      | Reached skill level 9 in Long Blades
  3479 | D:5      | Found a shimmering altar of Xom.
  3496 | D:5      | Reached XP level 8. HP: 48/73 MP: 7/7
  3499 | D:5      | Noticed Blork the orc
  3530 | D:5      | Slain by Blork the orc

Skill      XL: |  1  2  3  4  5  6  7 |
---------------+----------------------+-----
Long Blades    | 4 5 6 7 9 |  9.6
Fighting       | 4 5 6 7 |  7.2
Armour         | 3 |  3.0
Dodging        | 3 |  3.0

Action                   |  1- 3 |  4- 6 |  7- 9 || total
-------------------------+-------+-------+-------++-------
Melee: Falchion          |    59 |   147 |    68 ||   274
       Headbutt          |    11 |    30 |    19 ||    60
Invok: Berserk           |     1 |     4 |     2 ||     7
 Stab: Sleeping          |       |     2 |     1 ||     3
       Distracted        |       |     1 |       ||     1
  Eat: Chunk             |       |    10 |     4 ||    14
Armor: Animal skin       |    14 |    15 |     6 ||    35
Dodge: Dodged            |    51 |    89 |    54 ||   194
       Rpst.: Falchion   |    12 |    18 |    13 ||    43
